 Dungeon Crawl Stone Soup version 0.29.1-15-g9cfb28693d (webtiles) character file.

Game seed: 7873558353617472441

42 Silvore the Trooper (level 3, -3/29 HPs)
             Began as a Demonspawn Monk on May 1, 2023.
             Slain by Sigmund
             ... wielding a +0 scythe
              (8 damage)
             ... on level 2 of the Dungeon.
             The game lasted 00:01:43 (1648 turns).

Silvore the Trooper (Demonspawn Monk)               Turns: 1648, Time: 00:01:44

Health: -3/29      AC:  9    Str: 11    XL:     3   Next: 33%
Magic:  3/3        EV:  5    Int: 11    God:
Gold:   46         SH:  0    Dex: 17    Spells: 2/2 levels left

rFire   . . .      SeeInvis .   a - +0 hand axe
rCold   . . .      Faith    .   (no shield)
rNeg    + . .      Spirit   .   h - +0 chain mail
rPois   .          Reflect  .   (no helmet)
rElec   .          Harm     .   (no cloak)
rCorr   .          Rampage  .   (no gloves)
Will    .....                   f - +0 pair of boots
Stlth   ..........              (no amulet)
HPRegen 0.09/turn               d - ring of positive energy
MPRegen 0.08/turn               l - ring of wizardry

@: confused
A: foul stench 1, weakness stinger 1
a: no special abilities


You were on level 2 of the Dungeon.
You visited 1 branch of the dungeon, and saw 2 of its levels.

You collected 46 gold pieces.

Inventory:

Hand Weapons
 a - a +0 hand axe (weapon)
Armour
 b - a +0 robe
 f - a +0 pair of boots (worn)
 h - a +0 chain mail (worn)
Jewellery
 d - a ring of positive energy (left hand)
 l - a ring of wizardry (right hand)
Scrolls
 e - a scroll of poison {unknown}
 j - 2 scrolls of fear {unknown}
Potions
 g - a potion of magic {unknown}
 i - a potion of curing {unknown}
 k - 2 potions of heal wounds {unknown}


   Skills:
 + Level 3.3 Fighting
 + Level 3.3 Axes
 + Level 0.1 Armour
 + Level 3.0 Dodging
 + Level 2.0 Stealth


You had 2 spell levels left.
You didn't know any spells.
Your spell library contained the following spells:

 Spells                   Type           Power      Damage    Failure   Level
 Freeze                   Ice            0%         1d3       100%        1
 Frozen Ramparts          Ice            0%         1d1       100%        3
 Hailstorm                Conj/Ice       0%         3d3       100%        4


Dungeon Overview and Level Annotations

Branches:
Dungeon (2/15)

Altars:
Makhleb

Shops:
D:2 [

Annotations:
D:2 Sigmund


Innate Abilities, Weirdness & Mutations

You may rarely emit foul miasma when damaged in melee.
You have a small tail.


Message History

You closely miss Sigmund.
Sigmund is moderately wounded.
Sigmund points at you and mumbles some strange words.
The magic dart hits you but does no damage.
You feel less invigorated.
You feel less confused. Sigmund hits you with a +0 scythe.
You slash Sigmund!
Sigmund is severely wounded.
Sigmund completely misses you.
You barely miss Sigmund. You tail-slap Sigmund.
Sigmund is severely wounded.
Sigmund zaps a wand.
The puff of flame hits you.
You closely miss Sigmund.
You tail-slap Sigmund, but do no damage.
Sigmund is severely wounded.
Sigmund mumbles some strange words.
Sigmund flickers and vanishes!
Deactivating autopickup; reactivate with Ctrl-A.
You closely miss something. Something hits you!
You hit something but do no damage.
You hear some strange, mumbled words.
You are confused.
You barely miss something.
Your tail-slap misses something.
You hear a zap.
A puff of flame appears from out of thin air!
The puff of flame hits you.
You slash something! Something hits you but does no damage.
You closely miss something.
You hear some strange, mumbled words.
You are more confused.
You miss something.
Your tail-slap misses something.
You hear a zap.
A puff of flame appears from out of thin air!
The puff of flame hits you. Something hits you but does no damage.
You bump into the rock wall.
Something hits you.
* * * LOW HITPOINT WARNING * * *
Something hits you!
You die...

#....†..#
#....#..#.
#[.........
#.........##
#.##..#....#
#)##.....###
#.###.##.#
#[.......#
#.@##.###
#{.#
#.........
#.........
##.##.....
#.# .....
..# .... #.#
... ### ...


There were no monsters in sight!

Vanquished Creatures
  A worm (D:2)
  A dart slug (D:1)
  An endoplasm (D:2)
  A giant cockroach (D:1)
  4 goblins
  4 hobgoblins
  4 jackals (D:1)
  A quokka (D:1)
  2 ball pythons (D:1)
  5 bats
  3 frilled lizards (D:1)
  2 kobolds (D:1)
  6 rats
35 creatures vanquished.

Notes
Turn   | Place    | Note
-------+----------+-------------------------------------------
     0 | D:1      | Silvore the Demonspawn Monk began the quest for the Orb.
     0 | D:1      | Reached XP level 1. HP: 18/18 MP: 1/1
   158 | D:1      | Gained mutation: You may rarely emit foul miasma when
                  | damaged in melee. [demonic ancestry]
   158 | D:1      | Reached XP level 2. HP: 7/24 MP: 2/2
  1159 | D:2      | Gained mutation: You have a small tail. [demonic ancestry]
  1159 | D:2      | Reached XP level 3. HP: 22/29 MP: 3/3
  1457 | D:2      | Found a faded altar of an unknown god.
  1465 | D:2      | Prayed at the altar of an unknown god.
  1465 | D:2      | Became a worshipper of Makhleb the Destroyer
  1465 | D:2      | Reached * piety under Makhleb
  1465 | D:2      | Reached ** piety under Makhleb
  1466 | D:2      | Fell from the grace of Makhleb
  1472 | D:2      | Found Osillero's Antique Armour Shop.
  1621 | D:2      | Noticed Sigmund
  1648 | D:2      | Slain by Sigmund

Illustrated notes

Levels and vault maps discovered:
D:1:      heliophobic_arrival_dark_side_of_the_moon, layout_basic
D:2:      layout_basic, serial_shops, shop,
          hellmonk_ecumenical_altar_heavens_door, kennysheep_generic_room_7,
          uniq_sigmund

Skill      XL: |  1  2  3 |
---------------+----------+-----
Axes           | 3 |  3.3
Dodging        | 3 |  3.0
Stealth        | 2 |  2.0
Fighting       | |  3.3
Armour         | |  0.1

Action                   || total
-------------------------++-------
Melee: Hand axe          ||   128
       Tailslap          ||     5
Invok: Renounce Religion ||     1
  Use: Potion            ||     1
 Stab: Sleeping          ||     7
Armor: Robe              ||    12
       Chain mail        ||    41
Dodge: Dodged            ||    47
